Panthers vs Ducks

Created - November 24, 2015 at 18:40

Goals
1 2 3 T
Panthers 0 2 2 4
Ducks 0 0 0 0
Shots
1 2 3 T
Panthers 8 17 16 41
Ducks 6 11 3 20

1st period

No Goal

Penalties :
Boone Jenner (ANA) for Hooking (Minor) at 4:40

2nd period

1. Panthers , Blake Wheeler 12 (Patrick Kane, Danny DeKeyser) at 4:47
2. Panthers , Nathan MacKinnon 7 (Patrick Kane, Marc Methot) at 10:03

Penalties :
Wayne Simmonds (ANA) for Hooking (Minor) at 11:05

3rd period

3. Panthers , Eric Staal 6 (Vladimir Tarasenko, Marc Methot) at 6:25
4. Panthers , Patrick Kane 9 (Justin Braun, Blake Wheeler) at 10:23 (PP)

Penalties :
Wayne Simmonds (ANA) for Hooking (Minor) at 7:32, John Scott (ANA) for Holding (Minor) at 9:54

Goalie Stats

Semyon Varlamov (FLA), 20 saves from 20 shots - (1.000), W, 10-8-0, 60:00 minutes
Craig Anderson (ANA), 37 saves from 41 shots - (0.902), L, 9-7-3, 60:00 minutes

Players Stats for Panthers

Player Name              G  A  P  +/- PIM S  H  SB GA TA FO     MP     PP MP  PK MP  
------------------------------------------------------------------------------------
Blake Wheeler            1  1  2   2  0   3  8  0  0  0  0/1    22:23   3:24   0:00 
Danny DeKeyser           0  1  1   3  0   0  0  0  0  0  0/0    22:59   3:43   0:00 
Eric Nystrom             0  0  0   0  0   1  1  0  0  0  0/0     5:25   0:00   0:00 
Eric Staal               1  0  1   1  0   4  0  0  0  0  10/22  18:13   0:40   0:00 
Henrik Zetterberg        0  0  0   1  0   6  1  0  0  0  1/1    20:35   3:02   0:00 
Jeff Petry               0  0  0   0  0   1  0  0  0  0  0/0    16:44   3:43   0:00 
Jori Lehtera             0  0  0   0  0   4  2  0  0  0  10/16  15:13   3:36   0:00 
Justin Braun             0  1  1   0  0   1  6  1  0  0  0/0    23:37   2:43   0:00 
Marc Methot              0  2  2   3  0   0  3  0  0  0  0/0    19:39   0:00   0:00 
Martin St. Louis         0  0  0   0  0   0  0  0  0  0  1/1    11:37   0:00   0:00 
Nathan MacKinnon         1  0  1   2  0   8  2  0  0  0  17/28  21:09   2:10   0:00 
Patrick Kane             1  2  3   2  0   6  0  0  0  0  2/3    22:23   3:24   0:00 
Pierre-Edouard Bellemare 0  0  0   0  0   0  2  0  0  0  0/0     5:25   0:00   0:00 
Riley Nash               0  0  0   0  0   0  0  0  0  0  6/8     5:25   0:00   0:00 
Ron Hainsey              0  0  0   0  0   2  0  4  0  0  0/0    13:24   0:00   0:00 
T.J. Brodie              0  0  0   0  0   0  0  1  0  0  0/0    23:37   2:43   0:00 
Tomas Hertl              0  0  0   0  0   1  0  0  0  0  0/0    11:37   0:00   0:00 
Vladimir Tarasenko       0  1  1   1  0   4  0  0  0  0  0/0    20:35   3:02   0:00 

Players Stats for Ducks

Player Name              G  A  P  +/- PIM S  H  SB GA TA FO     MP     PP MP  PK MP  
------------------------------------------------------------------------------------
Alec Martinez            0  0  0   0  0   0  1  0  0  0  0/0    14:03   0:00   0:00 
Anton Lander             0  0  0  -2  0   0  0  0  0  0  1/3    19:51   0:00   0:14 
Ben Chiarot              0  0  0   0  0   1  3  1  0  0  0/0    15:12   0:00   3:25 
Boone Jenner             0  0  0   0  2   4  0  1  0  0  2/3    17:12   0:00   0:00 
Brandon Dubinsky         0  0  0  -1  0   2  2  0  0  0  6/17   16:44   0:00   0:00 
Curtis Glencross         0  0  0  -2  0   3  0  0  0  0  0/0    19:37   0:00   0:00 
Dave Bolland             0  0  0  -2  0   1  2  0  0  0  8/21   19:39   0:00   2:05 
Dennis Seidenberg        0  0  0  -1  0   0  1  1  0  0  0/0    15:37   0:00   3:25 
Jarome Iginla            0  0  0   0  0   2  0  0  0  0  0/0    19:18   0:00   2:05 
John Klingberg           0  0  0  -2  0   2  0  2  0  0  0/0    15:32   0:00   0:00 
John Scott               0  0  0  -2  2   0  3  1  0  0  0/0    15:31   0:00   0:00 
Jordan Staal             0  0  0   0  0   0  1  0  0  0  9/22   17:13   0:00   0:00 
Mark Scheifele           0  0  0  -1  0   1  1  0  0  0  2/3    17:10   0:00   0:26 
Paul Gaustad             0  0  0   0  0   0  0  0  0  0  5/9     6:54   0:00   4:07 
Roman Polak              0  0  0   0  0   0  1  0  0  0  0/0    17:04   0:00   3:01 
Wayne Simmonds           0  0  0  -1  4   0  0  0  0  0  0/1    15:58   0:00   0:00 
Willie Mitchell          0  0  0   0  0   2  0  2  0  0  0/0    14:48   0:00   3:01 
Yannick Weber            0  0  0  -1  0   2  0  0  0  0  0/1    16:07   0:00   3:55 

3 Stars

1 - Blake Wheeler (FLA)
2 - Patrick Kane (FLA)
3 - Semyon Varlamov (FLA)

Power Play

Panthers - 1 on 4 Attempt(s) - 25.00%
Ducks - 0 on 0 Attempt(s) - 0.00%

Penalty Kill

Panthers - 0 on 0 Attempt(s) - 0.00% - Score 0 goal in Penalty Kill
Ducks - 3 on 4 Attempt(s) - 75.00% - Score 0 goal in Penalty Kill

Team Stat

Panthers - Hits : 25 - Faceoff Wins : 47 - Blocked Shots : 6 - Penalty Minutes : 0
Ducks - Hits : 15 - Faceoff Wins : 33 - Blocked Shots : 8 - Penalty Minutes : 8

Official

Referees : Greg Kimmerly and Justin St. Pierre
Linesman : Scott Cherrey and Mark Shewchyk

Game Notes

No Game Note

Finance

Level 1 -- Attendance: 5953 (91.58%) -- Ticket Income $654,830
Level 2 -- Attendance: 5000 (100.00%) -- Ticket Income $375,000
Level 3 -- Attendance: 2600 (100.00%) -- Ticket Income $145,600
Level 4 -- Attendance: 2074 (100.00%) -- Ticket Income $82,960
Luxury Box -- Attendance: 868 (86.80%) -- Ticket Income $172,732
Game was played at the Honda Center.
Total Attendance: 16495 (96.05%)
Total Ticket Income: $1,431,122
Other Income: $214,668
Total Income: $1,645,790

% Time on Ice - Panthers

Lines # - Real PCT - Wanted PCT - Time Play
Normal Forward
1 - 35% - 37% - 18:59
2 - 33% - 35% - 17:33
3 - 22% - 22% - 11:37
4 - 10% - 6% - 5:25
Normal Defense
1 - 39% - 41% - 20:54
2 - 37% - 39% - 19:39
3 - 24% - 20% - 13:01
4 - 0% - 0% - 0:00
PP Forward
1 - 53% - 50% - 3:24
2 - 47% - 50% - 3:02
PP Defense
1 - 42% - 55% - 2:43
2 - 58% - 45% - 3:43
PK Forward
1 - 0% - 60%
2 - 0% - 40%
PK Defense
1 - 0% - 60%
2 - 0% - 40%
PK3 Forward
1 - 0% - 60%
2 - 0% - 40%
PK3 Defense
1 - 0% - 60%
2 - 0% - 40%
44 Forward
1 - 0% - 60%
2 - 0% - 40%
44 Defense
1 - 0% - 60%
2 - 0% - 40%
Last Minute Offensive  - 0:00
Last Minute Defensive  - 0:00
Total
Forward - 60:00
Defense - 60:00

% Time on Ice - Ducks

Lines # - Real PCT - Wanted PCT - Time Play
Normal Forward
1 - 30% - 31% - 16:00
2 - 32% - 31% - 17:13
3 - 33% - 31% - 17:34
4 - 5% - 7% - 2:47
Normal Defense
1 - 29% - 28% - 15:32
2 - 26% - 26% - 14:03
3 - 22% - 23% - 11:47
4 - 23% - 23% - 12:12
PP Forward
1 - 0% - 58%
2 - 0% - 42%
PP Defense
1 - 0% - 59%
2 - 0% - 41%
PK Forward
1 - 68% - 58% - 4:21
2 - 32% - 42% - 2:05
PK Defense
1 - 47% - 59% - 3:01
2 - 53% - 41% - 3:25
PK3 Forward
1 - 0% - 52%
2 - 0% - 48%
PK3 Defense
1 - 0% - 59%
2 - 0% - 41%
44 Forward
1 - 0% - 56%
2 - 0% - 44%
44 Defense
1 - 0% - 52%
2 - 0% - 48%
Last Minute Offensive  - 0:00
Last Minute Defensive  - 0:00
Total
Forward - 60:00
Defense - 60:00

Play by Play

1st period


0:01 of 1st period - Nathan MacKinnon wins face-off versus Brandon Dubinsky in neutral zone.
1:22 of 1st period - Shot by Jarome Iginla.
1:22 of 1st period - Shot Misses the Net.
1:24 of 1st period - Shot by Boone Jenner.
1:24 of 1st period - Shot Misses the Net.
1:32 of 1st period - Shot by Jordan Staal.
1:32 of 1st period - Shot Hit the Post.
2:24 of 1st period - Martin St. Louis is hit by Ben Chiarot and loses puck.
2:43 of 1st period - Shot by Jori Lehtera.
2:43 of 1st period - Shot Misses the Net.
3:00 of 1st period - Icing by Dennis Seidenberg.
3:01 of 1st period - Brandon Dubinsky wins face-off versus Nathan MacKinnon in Ducks zone.
3:01 of 1st period - Brandon Dubinsky is hit by Blake Wheeler.
3:06 of 1st period - Yannick Weber is hit by Justin Braun and loses puck.
3:14 of 1st period - Icing by T.J. Brodie.
3:15 of 1st period - Nathan MacKinnon wins face-off versus Jordan Staal in Panthers zone.
3:27 of 1st period - Patrick Kane is hit by John Scott and loses puck.
3:32 of 1st period - Shot by Nathan MacKinnon.
3:32 of 1st period - Stopped by Craig Anderson without a rebound.
3:33 of 1st period - Riley Nash wins face-off versus Paul Gaustad in Ducks zone.
3:46 of 1st period - Shot by Riley Nash.
3:46 of 1st period - Deflect By Eric Nystrom.
3:46 of 1st period - Stopped by Craig Anderson without a rebound.
3:47 of 1st period - Boone Jenner wins face-off versus Eric Staal in Ducks zone.
3:47 of 1st period - Boone Jenner is hit by Henrik Zetterberg.
4:33 of 1st period - Shot by Vladimir Tarasenko.
4:33 of 1st period - Shot Misses the Net.
4:40 of 1st period - Minor Penalty to Boone Jenner for Hooking.
4:41 of 1st period - Paul Gaustad wins face-off versus Jori Lehtera in Ducks zone.
5:07 of 1st period - Shot by Jeff Petry.
5:07 of 1st period - Shot Misses the Net.
5:09 of 1st period - Shot by Jori Lehtera.
5:09 of 1st period - Stopped by Craig Anderson without a rebound.
5:10 of 1st period - Nathan MacKinnon wins face-off versus Dave Bolland in Ducks zone.
5:11 of 1st period - Shot by Henrik Zetterberg.
5:11 of 1st period - Shot Misses the Net.
5:13 of 1st period - Shot by Henrik Zetterberg.
5:13 of 1st period - Shot Misses the Net.
5:15 of 1st period - Shot by Justin Braun.
5:15 of 1st period - Shot Blocked by Dennis Seidenberg.
5:17 of 1st period - Shot by Nathan MacKinnon.
5:17 of 1st period - Stopped by Craig Anderson with a rebound.
5:28 of 1st period - Icing by Henrik Zetterberg.
5:29 of 1st period - Nathan MacKinnon wins face-off versus Paul Gaustad in Panthers zone.
5:48 of 1st period - Shot by Nathan MacKinnon.
5:48 of 1st period - Stopped by Craig Anderson without a rebound.
5:49 of 1st period - Jori Lehtera wins face-off versus Dave Bolland in Ducks zone.
6:00 of 1st period - Shot by Patrick Kane.
6:00 of 1st period - Stopped by Craig Anderson without a rebound.
6:01 of 1st period - Jori Lehtera wins face-off versus Paul Gaustad in Ducks zone.
6:30 of 1st period - Shot by Danny DeKeyser.
6:30 of 1st period - Shot Misses the Net.
6:32 of 1st period - Shot by Danny DeKeyser.
6:32 of 1st period - Shot Misses the Net.
6:49 of 1st period - Icing by Mark Scheifele.
6:50 of 1st period - Brandon Dubinsky wins face-off versus Eric Staal in Ducks zone.
6:52 of 1st period - Icing by Wayne Simmonds.
6:53 of 1st period - Eric Staal wins face-off versus Brandon Dubinsky in Ducks zone.
6:54 of 1st period - Shot by Henrik Zetterberg.
6:54 of 1st period - Shot Misses the Net.
7:00 of 1st period - Shot by Brandon Dubinsky.
7:00 of 1st period - Stopped by Semyon Varlamov with a rebound.
7:02 of 1st period - Shot by John Klingberg.
7:02 of 1st period - Stopped by Semyon Varlamov without a rebound.
7:03 of 1st period - Anton Lander wins face-off versus Nathan MacKinnon in Panthers zone.
7:19 of 1st period - Off-side.
7:20 of 1st period - Jori Lehtera wins face-off versus Brandon Dubinsky in neutral zone.
7:37 of 1st period - Shot by Mark Scheifele.
7:37 of 1st period - Stopped by Semyon Varlamov without a rebound.
7:38 of 1st period - Nathan MacKinnon wins face-off versus Dave Bolland in Panthers zone.
7:54 of 1st period - Off-side.
7:55 of 1st period - Eric Staal wins face-off versus Jordan Staal in neutral zone.
9:02 of 1st period - Shot by Patrick Kane.
9:02 of 1st period - Stopped by Craig Anderson without a rebound.
9:03 of 1st period - Jori Lehtera wins face-off versus Brandon Dubinsky in Ducks zone.
9:26 of 1st period - Shot by Jori Lehtera.
9:26 of 1st period - Shot Misses the Net.
9:35 of 1st period - Jori Lehtera is hit by John Scott and loses puck.
9:46 of 1st period - Shot by Martin St. Louis.
9:46 of 1st period - Deflect By Jori Lehtera.
9:46 of 1st period - Shot Misses the Net.
10:25 of 1st period - Wayne Simmonds is hit by Marc Methot and loses puck.
10:53 of 1st period - Icing by T.J. Brodie.
10:54 of 1st period - Dave Bolland wins face-off versus Eric Staal in Panthers zone.
11:18 of 1st period - Shot by Anton Lander.
11:18 of 1st period - Shot Blocked by Justin Braun.
11:20 of 1st period - Shot by Ben Chiarot.
11:20 of 1st period - Stopped by Semyon Varlamov with a rebound.
12:55 of 1st period - Shot by Curtis Glencross.
12:55 of 1st period - Stopped by Semyon Varlamov without a rebound.
12:56 of 1st period - Nathan MacKinnon wins face-off versus Dave Bolland in Panthers zone.
13:07 of 1st period - Shot by Blake Wheeler.
13:07 of 1st period - Stopped by Craig Anderson without a rebound.
13:08 of 1st period - Jordan Staal wins face-off versus Riley Nash in Ducks zone.
13:10 of 1st period - Icing by Jarome Iginla.
13:11 of 1st period - Nathan MacKinnon wins face-off versus Jordan Staal in Ducks zone.
13:55 of 1st period - Shot by Blake Wheeler.
13:55 of 1st period - Shot Misses the Net.
14:16 of 1st period - Henrik Zetterberg is hit by Roman Polak and loses puck.
14:44 of 1st period - Vladimir Tarasenko is hit by Ben Chiarot and loses puck.
16:55 of 1st period - Off-side.
16:56 of 1st period - Eric Staal wins face-off versus Jordan Staal in neutral zone.
17:05 of 1st period - Shot by Eric Staal.
17:05 of 1st period - Shot Misses the Net.
18:55 of 1st period - Wayne Simmonds is hit by Justin Braun and loses puck.
18:58 of 1st period - Shot by Mark Scheifele.
18:58 of 1st period - Shot Misses the Net.
19:00 of 1st period - Shot by Yannick Weber.
19:00 of 1st period - Shot Misses the Net.
19:02 of 1st period - Shot by Yannick Weber.
19:02 of 1st period - Stopped by Semyon Varlamov without a rebound.
19:03 of 1st period - Martin St. Louis wins face-off versus Boone Jenner in Panthers zone.
19:23 of 1st period - Icing by Jarome Iginla.
19:24 of 1st period - Boone Jenner wins face-off versus Riley Nash in Ducks zone.
Goals for this period are 0 for Panthers vs 0 for Ducks.
Shots for this period are 8 for Panthers vs 6 for Ducks.

2nd period


0:01 of 2nd period - Nathan MacKinnon wins face-off versus Dave Bolland in neutral zone.
0:22 of 2nd period - Icing by Blake Wheeler.
0:23 of 2nd period - Nathan MacKinnon wins face-off versus Mark Scheifele in Panthers zone.
1:57 of 2nd period - Shot by Dave Bolland.
1:57 of 2nd period - Shot Misses the Net.
1:59 of 2nd period - Shot by Willie Mitchell.
1:59 of 2nd period - Stopped by Semyon Varlamov without a rebound.
2:00 of 2nd period - Jordan Staal wins face-off versus Jori Lehtera in Panthers zone.
2:09 of 2nd period - Shot by Boone Jenner.
2:09 of 2nd period - Stopped by Semyon Varlamov with a rebound.
2:15 of 2nd period - Shot by Boone Jenner.
2:15 of 2nd period - Stopped by Semyon Varlamov with a rebound.
3:23 of 2nd period - Shot by Patrick Kane.
3:23 of 2nd period - Stopped by Craig Anderson with a rebound.
3:25 of 2nd period - Shot by Nathan MacKinnon.
3:25 of 2nd period - Stopped by Craig Anderson without a rebound.
3:26 of 2nd period - Brandon Dubinsky wins face-off versus Eric Staal in Ducks zone.
3:33 of 2nd period - Shot by Willie Mitchell.
3:33 of 2nd period - Stopped by Semyon Varlamov without a rebound.
3:34 of 2nd period - Mark Scheifele wins face-off versus Eric Staal in Panthers zone.
3:34 of 2nd period - Mark Scheifele is hit by Justin Braun.
3:43 of 2nd period - Wayne Simmonds is hit by Justin Braun.
3:52 of 2nd period - Off-side.
3:53 of 2nd period - Jordan Staal wins face-off versus Patrick Kane in neutral zone.
4:03 of 2nd period - Icing by Marc Methot.
4:04 of 2nd period - Dave Bolland wins face-off versus Nathan MacKinnon in Panthers zone.
4:14 of 2nd period - Blake Wheeler is hit by Dave Bolland.
4:29 of 2nd period - Shot by Blake Wheeler.
4:29 of 2nd period - Shot Blocked by John Scott.
4:31 of 2nd period - Shot by Patrick Kane.
4:31 of 2nd period - Deflect By Nathan MacKinnon.
4:31 of 2nd period - Shot Misses the Net.
4:41 of 2nd period - Shot by Nathan MacKinnon.
4:41 of 2nd period - Shot Blocked by John Klingberg.
4:47 of 2nd period - Shot by Blake Wheeler.
4:47 of 2nd period - Goal by Blake Wheeler - Panthers : 1 - Ducks : 0.
4:48 of 2nd period - Eric Staal wins face-off versus Wayne Simmonds in neutral zone.
4:52 of 2nd period - Icing by Alec Martinez.
4:53 of 2nd period - Eric Staal wins face-off versus Brandon Dubinsky in Ducks zone.
6:05 of 2nd period - Icing by Jordan Staal.
6:06 of 2nd period - Patrick Kane wins face-off versus Jordan Staal in Ducks zone.
6:13 of 2nd period - Shot by Jarome Iginla.
6:13 of 2nd period - Stopped by Semyon Varlamov with a rebound.
6:21 of 2nd period - Shot by Jarome Iginla.
6:21 of 2nd period - Deflect By Boone Jenner.
6:21 of 2nd period - Stopped by Semyon Varlamov without a rebound.
6:22 of 2nd period - Jori Lehtera wins face-off versus Dave Bolland in Panthers zone.
6:31 of 2nd period - Dave Bolland is hit by Jori Lehtera and loses puck.
6:48 of 2nd period - Shot by Jori Lehtera.
6:48 of 2nd period - Stopped by Craig Anderson without a rebound.
6:49 of 2nd period - Mark Scheifele wins face-off versus Nathan MacKinnon in Ducks zone.
7:00 of 2nd period - Off-side.
7:01 of 2nd period - Riley Nash wins face-off versus Jordan Staal in neutral zone.
7:14 of 2nd period - Icing by Jordan Staal.
7:15 of 2nd period - Jordan Staal wins face-off versus Nathan MacKinnon in Ducks zone.
7:15 of 2nd period - Jordan Staal is hit by Blake Wheeler.
7:18 of 2nd period - Boone Jenner is hit by Blake Wheeler and loses puck.
8:06 of 2nd period - Icing by Jordan Staal.
8:07 of 2nd period - Jordan Staal wins face-off versus Eric Staal in Ducks zone.
8:17 of 2nd period - Icing by Justin Braun.
8:18 of 2nd period - Dave Bolland wins face-off versus Eric Staal in Panthers zone.
8:18 of 2nd period - Dave Bolland is hit by Justin Braun.
8:24 of 2nd period - Shot by Dave Bolland.
8:24 of 2nd period - Stopped by Semyon Varlamov without a rebound.
8:25 of 2nd period - Dave Bolland wins face-off versus Eric Staal in Panthers zone.
8:42 of 2nd period - Shot by Vladimir Tarasenko.
8:42 of 2nd period - Stopped by Craig Anderson without a rebound.
8:43 of 2nd period - Brandon Dubinsky wins face-off versus Nathan MacKinnon in Ducks zone.
9:09 of 2nd period - Shot by Nathan MacKinnon.
9:09 of 2nd period - Stopped by Craig Anderson without a rebound.
9:10 of 2nd period - Eric Staal wins face-off versus Anton Lander in Ducks zone.
9:28 of 2nd period - Shot by Henrik Zetterberg.
9:28 of 2nd period - Stopped by Craig Anderson without a rebound.
9:29 of 2nd period - Nathan MacKinnon wins face-off versus Brandon Dubinsky in Ducks zone.
9:52 of 2nd period - Shot by Patrick Kane.
9:52 of 2nd period - Deflect By Nathan MacKinnon.
9:52 of 2nd period - Shot Misses the Net.
10:03 of 2nd period - Shot by Nathan MacKinnon.
10:03 of 2nd period - Goal by Nathan MacKinnon - Panthers : 2 - Ducks : 0.
10:04 of 2nd period - Dave Bolland wins face-off versus Jori Lehtera in neutral zone.
10:39 of 2nd period - Shot by Curtis Glencross.
10:39 of 2nd period - Stopped by Semyon Varlamov without a rebound.
10:40 of 2nd period - Eric Staal wins face-off versus Brandon Dubinsky in Panthers zone.
10:40 of 2nd period - Henrik Zetterberg is hit by Brandon Dubinsky and loses puck.
11:02 of 2nd period - Shot by Brandon Dubinsky.
11:02 of 2nd period - Shot Misses the Net.
11:05 of 2nd period - Minor Penalty to Wayne Simmonds for Hooking.
11:06 of 2nd period - Paul Gaustad wins face-off versus Blake Wheeler in Ducks zone.
11:06 of 2nd period - Paul Gaustad is hit by Blake Wheeler.
11:36 of 2nd period - Shot by Justin Braun.
11:36 of 2nd period - Stopped by Craig Anderson with a rebound.
11:58 of 2nd period - Paul Gaustad is hit by Nathan MacKinnon and loses puck.
12:59 of 2nd period - Shot by Patrick Kane.
12:59 of 2nd period - Stopped by Craig Anderson without a rebound.
13:00 of 2nd period - Paul Gaustad wins face-off versus Jori Lehtera in Ducks zone.
13:09 of 2nd period - T.J. Brodie is hit by Brandon Dubinsky and loses puck.
13:44 of 2nd period - John Klingberg is hit by Pierre-Edouard Bellemare and loses puck.
14:08 of 2nd period - Brandon Dubinsky is hit by Jori Lehtera and loses puck.
14:46 of 2nd period - Shot by Nathan MacKinnon.
14:46 of 2nd period - Deflect By Patrick Kane.
14:46 of 2nd period - Stopped by Craig Anderson without a rebound.
14:47 of 2nd period - Eric Staal wins face-off versus Jordan Staal in Ducks zone.
14:52 of 2nd period - Shot by Eric Staal.
14:52 of 2nd period - Deflect By Vladimir Tarasenko.
14:52 of 2nd period - Stopped by Craig Anderson without a rebound.
14:53 of 2nd period - Nathan MacKinnon wins face-off versus Jordan Staal in Ducks zone.
14:53 of 2nd period - Blake Wheeler is hit by Alec Martinez and loses puck.
15:00 of 2nd period - Shot by Boone Jenner.
15:00 of 2nd period - Shot Misses the Net.
15:02 of 2nd period - Shot by Roman Polak.
15:02 of 2nd period - Shot Misses the Net.
15:05 of 2nd period - Icing by Blake Wheeler.
15:06 of 2nd period - Nathan MacKinnon wins face-off versus Dave Bolland in Panthers zone.
15:06 of 2nd period - Nathan MacKinnon is hit by Dave Bolland.
15:14 of 2nd period - Shot by Jeff Petry.
15:14 of 2nd period - Stopped by Craig Anderson with a rebound.
15:26 of 2nd period - Shot by Blake Wheeler.
15:26 of 2nd period - Stopped by Craig Anderson with a rebound.
15:28 of 2nd period - Shot by Ron Hainsey.
15:28 of 2nd period - Shot Misses the Net.
15:30 of 2nd period - Shot by Ron Hainsey.
15:30 of 2nd period - Stopped by Craig Anderson without a rebound.
15:31 of 2nd period - Jordan Staal wins face-off versus Eric Staal in Ducks zone.
15:42 of 2nd period - Shot by Jarome Iginla.
15:42 of 2nd period - Stopped by Semyon Varlamov without a rebound.
15:43 of 2nd period - Brandon Dubinsky wins face-off versus Jori Lehtera in Panthers zone.
15:43 of 2nd period - Brandon Dubinsky is hit by Marc Methot.
15:47 of 2nd period - Shot by Brandon Dubinsky.
15:47 of 2nd period - Shot Misses the Net.
15:57 of 2nd period - Shot by Brandon Dubinsky.
15:57 of 2nd period - Stopped by Semyon Varlamov without a rebound.
15:58 of 2nd period - Henrik Zetterberg wins face-off versus Dave Bolland in Panthers zone.
17:21 of 2nd period - Shot by Patrick Kane.
17:21 of 2nd period - Shot Misses the Net.
17:23 of 2nd period - Shot by Nathan MacKinnon.
17:23 of 2nd period - Deflect By Blake Wheeler.
17:23 of 2nd period - Shot Hit the Post.
17:25 of 2nd period - Shot by Marc Methot.
17:25 of 2nd period - Shot Misses the Net.
17:59 of 2nd period - Shot by Boone Jenner.
17:59 of 2nd period - Stopped by Semyon Varlamov with a rebound.
18:09 of 2nd period - Shot by Martin St. Louis.
18:09 of 2nd period - Shot Blocked by Boone Jenner.
19:33 of 2nd period - Shot by Vladimir Tarasenko.
19:33 of 2nd period - Stopped by Craig Anderson without a rebound.
19:34 of 2nd period - Nathan MacKinnon wins face-off versus Jordan Staal in Ducks zone.
19:37 of 2nd period - Shot by Blake Wheeler.
19:37 of 2nd period - Shot Misses the Net.
19:45 of 2nd period - Shot by Nathan MacKinnon.
19:45 of 2nd period - Shot Blocked by Willie Mitchell.
19:47 of 2nd period - Shot by Nathan MacKinnon.
19:47 of 2nd period - Stopped by Craig Anderson without a rebound.
19:48 of 2nd period - Riley Nash wins face-off versus Brandon Dubinsky in Ducks zone.
19:54 of 2nd period - Off-side.
19:55 of 2nd period - Brandon Dubinsky wins face-off versus Nathan MacKinnon in neutral zone.
19:55 of 2nd period - Brandon Dubinsky is hit by Blake Wheeler.
Goals for this period are 2 for Panthers vs 0 for Ducks.
Shots for this period are 17 for Panthers vs 11 for Ducks.

3rd period


0:01 of 3rd period - Nathan MacKinnon wins face-off versus Dave Bolland in neutral zone.
0:23 of 3rd period - Willie Mitchell is hit by Blake Wheeler and loses puck.
0:38 of 3rd period - Dave Bolland is hit by Justin Braun and loses puck.
2:23 of 3rd period - Shot by Jarome Iginla.
2:23 of 3rd period - Shot Blocked by Ron Hainsey.
2:25 of 3rd period - Shot by John Klingberg.
2:25 of 3rd period - Stopped by Semyon Varlamov without a rebound.
2:26 of 3rd period - Nathan MacKinnon wins face-off versus Brandon Dubinsky in Panthers zone.
2:26 of 3rd period - T.J. Brodie is hit by Mark Scheifele.
3:01 of 3rd period - Shot by Brandon Dubinsky.
3:01 of 3rd period - Shot Misses the Net.
3:05 of 3rd period - Shot by Yannick Weber.
3:05 of 3rd period - Stopped by Semyon Varlamov without a rebound.
3:06 of 3rd period - Jori Lehtera wins face-off versus Jordan Staal in Panthers zone.
3:29 of 3rd period - Shot by Martin St. Louis.
3:29 of 3rd period - Shot Misses the Net.
3:31 of 3rd period - Shot by Jori Lehtera.
3:31 of 3rd period - The goal is going for a video replay.
3:31 of 3rd period - The goal is refused.
3:32 of 3rd period - Riley Nash wins face-off versus Brandon Dubinsky in Ducks zone.
4:25 of 3rd period - Jarome Iginla is hit by Pierre-Edouard Bellemare and loses puck.
4:32 of 3rd period - Jarome Iginla is hit by Eric Nystrom and loses puck.
4:40 of 3rd period - Off-side.
4:41 of 3rd period - Patrick Kane wins face-off versus Dave Bolland in neutral zone.
4:49 of 3rd period - Off-side.
4:50 of 3rd period - Nathan MacKinnon wins face-off versus Dave Bolland in neutral zone.
5:14 of 3rd period - Shot by Dave Bolland.
5:14 of 3rd period - Shot Misses the Net.
5:25 of 3rd period - Shot by Curtis Glencross.
5:25 of 3rd period - Stopped by Semyon Varlamov without a rebound.
5:26 of 3rd period - Eric Staal wins face-off versus Jordan Staal in Panthers zone.
5:30 of 3rd period - Off-side.
5:31 of 3rd period - Jordan Staal wins face-off versus Eric Staal in neutral zone.
5:34 of 3rd period - Shot by Boone Jenner.
5:34 of 3rd period - Shot Blocked by Ron Hainsey.
5:42 of 3rd period - Shot by Henrik Zetterberg.
5:42 of 3rd period - Stopped by Craig Anderson with a rebound.
5:46 of 3rd period - Shot by Henrik Zetterberg.
5:46 of 3rd period - Stopped by Craig Anderson without a rebound.
5:47 of 3rd period - Dave Bolland wins face-off versus Nathan MacKinnon in Ducks zone.
5:47 of 3rd period - Dave Bolland is hit by Blake Wheeler.
5:52 of 3rd period - Off-side.
5:53 of 3rd period - Dave Bolland wins face-off versus Eric Staal in neutral zone.
6:25 of 3rd period - Shot by Eric Staal.
6:25 of 3rd period - Goal by Eric Staal - Panthers : 3 - Ducks : 0.
6:26 of 3rd period - Nathan MacKinnon wins face-off versus Jordan Staal in neutral zone.
7:32 of 3rd period - Minor Penalty to Wayne Simmonds for Hooking.
7:33 of 3rd period - Jori Lehtera wins face-off versus Paul Gaustad in Ducks zone.
7:44 of 3rd period - Shot by Henrik Zetterberg.
7:44 of 3rd period - Stopped by Craig Anderson without a rebound.
7:45 of 3rd period - Paul Gaustad wins face-off versus Nathan MacKinnon in Ducks zone.
7:45 of 3rd period - Paul Gaustad is hit by Nathan MacKinnon.
8:14 of 3rd period - Shot by Vladimir Tarasenko.
8:14 of 3rd period - Stopped by Craig Anderson without a rebound.
8:15 of 3rd period - Paul Gaustad wins face-off versus Jori Lehtera in Ducks zone.
8:36 of 3rd period - Shot by Patrick Kane.
8:36 of 3rd period - Shot Misses the Net.
9:35 of 3rd period - Shot by Eric Staal.
9:35 of 3rd period - Shot Blocked by John Klingberg.
9:45 of 3rd period - Shot by Wayne Simmonds.
9:45 of 3rd period - Shot Blocked by Ron Hainsey.
9:54 of 3rd period - Minor Penalty to John Scott for Holding.
9:55 of 3rd period - Jori Lehtera wins face-off versus Yannick Weber in Ducks zone.
9:55 of 3rd period - Jori Lehtera is hit by Ben Chiarot.
10:21 of 3rd period - Shot by Patrick Kane.
10:21 of 3rd period - Shot Misses the Net.
10:23 of 3rd period - Shot by Patrick Kane.
10:23 of 3rd period - Goal by Patrick Kane - Panthers : 4 - Ducks : 0.
10:24 of 3rd period - Eric Staal wins face-off versus Dave Bolland in neutral zone.
11:00 of 3rd period - Shot by Curtis Glencross.
11:00 of 3rd period - Shot Misses the Net.
11:42 of 3rd period - Shot by Mark Scheifele.
11:42 of 3rd period - Shot Misses the Net.
11:50 of 3rd period - Shot by Brandon Dubinsky.
11:50 of 3rd period - Deflect By Wayne Simmonds.
11:50 of 3rd period - Shot Misses the Net.
11:52 of 3rd period - Shot by Wayne Simmonds.
11:52 of 3rd period - Shot Blocked by Ron Hainsey.
12:08 of 3rd period - Shot by Wayne Simmonds.
12:08 of 3rd period - Shot Misses the Net.
12:37 of 3rd period - Icing by Yannick Weber.
12:38 of 3rd period - Jordan Staal wins face-off versus Nathan MacKinnon in Ducks zone.
12:43 of 3rd period - Shot by Jarome Iginla.
12:43 of 3rd period - Shot Blocked by T.J. Brodie.
13:48 of 3rd period - Shot by Vladimir Tarasenko.
13:48 of 3rd period - Shot Misses the Net.
13:54 of 3rd period - Shot by Vladimir Tarasenko.
13:54 of 3rd period - Shot Misses the Net.
13:56 of 3rd period - Shot by Eric Staal.
13:56 of 3rd period - Stopped by Craig Anderson without a rebound.
13:57 of 3rd period - Riley Nash wins face-off versus Anton Lander in Ducks zone.
14:03 of 3rd period - Riley Nash is hit by John Scott and loses puck.
15:19 of 3rd period - Shot by Eric Staal.
15:19 of 3rd period - Stopped by Craig Anderson with a rebound.
15:42 of 3rd period - Shot by Nathan MacKinnon.
15:42 of 3rd period - Stopped by Craig Anderson without a rebound.
15:43 of 3rd period - Jori Lehtera wins face-off versus Brandon Dubinsky in Ducks zone.
16:55 of 3rd period - Alec Martinez is hit by Marc Methot and loses puck.
17:08 of 3rd period - Boone Jenner is hit by Blake Wheeler and loses puck.
17:25 of 3rd period - Shot by Jarome Iginla.
17:25 of 3rd period - Shot Misses the Net.
18:00 of 3rd period - Vladimir Tarasenko is hit by Dennis Seidenberg and loses puck.
18:15 of 3rd period - Shot by Henrik Zetterberg.
18:15 of 3rd period - Stopped by Craig Anderson without a rebound.
18:16 of 3rd period - Jori Lehtera wins face-off versus Dave Bolland in Ducks zone.
18:21 of 3rd period - Shot by Tomas Hertl.
18:21 of 3rd period - Stopped by Craig Anderson with a rebound.
18:23 of 3rd period - Shot by Jori Lehtera.
18:23 of 3rd period - Stopped by Craig Anderson with a rebound.
18:25 of 3rd period - Shot by Martin St. Louis.
18:25 of 3rd period - Shot Blocked by Ben Chiarot.
18:27 of 3rd period - Shot by Jeff Petry.
18:27 of 3rd period - Shot Blocked by Willie Mitchell.
18:29 of 3rd period - Shot by Jori Lehtera.
18:29 of 3rd period - Shot Misses the Net.
18:31 of 3rd period - Shot by Ron Hainsey.
18:31 of 3rd period - Stopped by Craig Anderson without a rebound.
18:32 of 3rd period - Riley Nash wins face-off versus Jordan Staal in Ducks zone.
18:38 of 3rd period - Off-side.
18:39 of 3rd period - Jordan Staal wins face-off versus Eric Staal in neutral zone.
18:42 of 3rd period - Vladimir Tarasenko is hit by Jordan Staal and loses puck.
19:09 of 3rd period - Shot by Henrik Zetterberg.
19:09 of 3rd period - Stopped by Craig Anderson with a rebound.
19:11 of 3rd period - Shot by Eric Staal.
19:11 of 3rd period - Stopped by Craig Anderson without a rebound.
19:12 of 3rd period - Dave Bolland wins face-off versus Nathan MacKinnon in Ducks zone.
19:41 of 3rd period - Shot by Curtis Glencross.
19:41 of 3rd period - Shot Misses the Net.
19:55 of 3rd period - Shot by Blake Wheeler.
19:55 of 3rd period - Shot Misses the Net.
Goals for this period are 2 for Panthers vs 0 for Ducks.
Shots for this period are 16 for Panthers vs 3 for Ducks.